 Dungeon Crawl Stone Soup version 0.30-a0-782-ge64f9170bb (webtiles) character file.

Game seed: 7952754776142372080

828 mopl the Gusty (level 7, 0/50 HPs)
             Began as a Pale Draconian Air Elementalist on Mar 1, 2023.
             Blown up by a gnoll (18 damage)
             ... with a mindburst bolt
             ... led by a gnoll bouda
             ... on level 5 of the Dungeon.
             The game lasted 00:05:47 (3213 turns).

mopl the Gusty (Pale Draconian Air Elementalist)    Turns: 3213, Time: 00:05:48

Health: 0/50       AC:  7    Str: 16    XL:     7   Next: 64%
Magic:  13/14      EV: 12    Int: 18    God:
Gold:   184        SH:  0    Dex: 11    Spells: 5/15 levels left

rFire   . . .      SeeInvis +    c - +3 dagger (venom)
rCold   . . .      Faith    .    (no shield)
rNeg    . . .      Spirit   .    (body armour unavailable)
rPois   .          Reflect  .    (helmet restricted)
rElec   .          Harm     .    o - +0 cloak
rCorr   .          Rampage  .    (no gloves)
Will    .....                    (no boots)
Stlth   ++                       A - amulet of magic regeneration
HPRegen 0.28/turn                d - ring of see invisible
MPRegen 0.54/turn                B - +6 ring of strength

@: no status effects
A: breathe steam, AC +6, unfitting armour, cold-blooded, steam resistance
a: Breathe Steam


You were on level 5 of the Dungeon.
You visited 1 branch of the dungeon, and saw 5 of its levels.

You collected 184 gold pieces.

Inventory:

Hand Weapons
 c - a +3 dagger of venom (weapon)
Missiles
 g - 3 boomerangs
 s - 4 poisoned darts
 v - 11 javelins
Armour
 o - a +0 cloak (worn)
 C - a +1 leather armour of poison resistance
Jewellery
 d - a ring of see invisible (left hand)
 k - a ring of ice
 m - an amulet of the acrobat
 r - an amulet of regeneration
 A - an amulet of magic regeneration (around neck)
 B - a +6 ring of strength (right hand)
Wands
 i - a wand of digging (4)
 w - a wand of flame (9)
Scrolls
 b - 11 scrolls of identify {unknown}
 j - a scroll of fog {unknown}
 t - a scroll of blinking {unknown}
 y - a scroll of magic mapping {unknown}
Potions
 a - a potion of magic
 e - a potion of attraction {unknown}
 f - a potion of flight {unknown}
 h - 2 potions of curing {unknown}
 l - a potion of mutation {unknown}
 n - a potion of heal wounds {unknown}
 p - a potion of lignification {unknown}
 q - a potion of resistance {unknown}
 u - 2 potions of haste {unknown}
 x - a potion of brilliance {unknown}
 z - a potion of ambrosia {unknown}


   Skills:
 - Level 1.7 Dodging
 - Level 1.7 Stealth
 + Level 4.9 Spellcasting
 + Level 4.9 Conjurations
 + Level 6.4 Air Magic


You had 5 spell levels left.
You knew the following spells:

 Your Spells              Type           Power      Damage    Failure   Level
a - Shock                 Conj/Air       96%        1d9       1%          1
b - Static Discharge      Conj/Air       48%        2-4/arc   1%          2
f - Airstrike             Air            13%        2d(2-18)  10%         4
n - Swiftness             Air            27%        N/A       3%          3

Your spell library contained the following spells:

 Spells                   Type           Power      Damage    Failure   Level
 Apportation              Tloc           8%         N/A       14%         1
 Sandblast                Erth           8%         2d5       14%         1
 Stone Arrow              Conj/Erth      26%        3d8       14%         3
 Passwall                 Tmut/Erth      3%         N/A       21%         2
 Alistair's Intoxication  Tmut/Pois      2%         N/A       98%         5


Dungeon Overview and Level Annotations

Branches:
Dungeon (5/15)
 Temple: D:4-7

Altars:
Elyvilon
Trog
Wu Jian

Annotations:
D:3 1 runed translucent door, gengaozo's ghost, amateur TeAE


Innate Abilities, Weirdness & Mutations

You can breathe blasts of scalding, opaque steam.
Your pale cyan-grey scales are hard. (AC +6)
You cannot fit into any form of body armour.
You are cold-blooded and may be slowed by cold attacks.
You are immune to the effects of steam.


Message History

Your tail-slap misses the gnoll bouda.
The gnoll bouda is heavily wounded.
You hear a shout!
The gnoll bouda closely misses you.
You hit the gnoll bouda.
The gnoll bouda looks as sick as possible!
The gnoll bouda is severely wounded.
The hound closely misses you.
The gnoll bouda mumbles some strange prayers to its god.
The gnoll bouda is healed somewhat.
The hound bites you but does no damage.
You hit the gnoll bouda.
The gnoll bouda looks as sick as possible!
Your tail-slap misses the gnoll bouda.
The gnoll bouda is severely wounded.
The hound completely misses you. The gnoll bouda closely misses you.
You closely miss the gnoll bouda.
The gnoll bouda is almost dead.
You kill the gnoll bouda!
The hound closely misses you. x2
You closely miss the hound. The hound barely misses you.
You hit the hound.
The hound is poisoned.
You tail-slap the hound.
The hound is moderately wounded.
The hound bites you but does no damage.
The gnoll zaps a wand.
Your mind is blasted!
The hound bites you.
You hear a shout!
You are too injured to fight recklessly!
You are too injured to fight recklessly!
You are too injured to fight recklessly!
You hit the hound.
The hound looks as sick as possible!
You tail-slap the hound.
The hound is severely wounded.
You kill the hound!
The gnoll hits you but does no damage.
Casting: Shock (safe; 1% risk of failure)
Confirm with . or Enter, or press ? or * to list all spells.
The gnoll is struck by an arc of lightning.
The gnoll is moderately wounded.
You are struck by an arc of lightning.
The lightning grounds out.
The gnoll zaps a wand.
Your mind is blasted!
You die...

### ..# #.## #
...##.###
.g#####........
#.g..g........ #.#
#.# #.
.######.###.###.
.......#g@†..##.###
#######.###........
#.####......#
#...##......# ###.#
#.....# #.# #...<#
#.# ##g#.# #.# #
#.# ########.# #.#


You could see a gnoll.

Vanquished Creatures
  Sigmund (D:2)
  A phantom (D:3)
  A bullfrog (D:4)
  A scorpion (D:4)
  4 hounds
  An orc priest (D:3)
  A gnoll bouda (D:5)
  Crazy Yiuf (D:2)
  3 orc wizards
  Robin (D:1)
  3 gnolls
  3 adders
  2 worms (D:3)
  4 dart slugs
  5 orcs
  6 ball pythons
  10 endoplasms
  3 giant cockroaches
  12 goblins
  15 hobgoblins
  4 jackals
  9 quokkas
  6 bats
  4 frilled lizards
  5 kobolds
  4 rats
110 creatures vanquished.

Notes
Turn   | Place    | Note
-------+----------+-------------------------------------------
     0 | D:1      | mopl the Draconian Air Elementalist began the quest for the
                  | Orb.
     0 | D:1      | Reached XP level 1. HP: 14/14 MP: 3/3
    88 | D:1      | Reached XP level 2. HP: 20/20 MP: 0/5
   428 | D:1      | Reached XP level 3. HP: 26/26 MP: 0/6
   478 | D:1      | Learned a level 2 spell: Static Discharge
   489 | D:1      | Learned a level 3 spell: Swiftness
   670 | D:2      | Found a faded altar of an unknown god.
   691 | D:2      | Reached skill level 2 in Conjurations
   707 | D:2      | Noticed Robin
   751 | D:1      | Killed Robin
   827 | D:1      | Reached XP level 4. HP: 19/33 MP: 4/8
  1163 | D:2      | Noticed Sigmund
  1357 | D:2      | Killed Sigmund
  1358 | D:2      | Reached skill level 3 in Spellcasting
  1358 | D:2      | Reached skill level 3 in Conjurations
  1358 | D:2      | Reached skill level 4 in Air Magic
  1358 | D:2      | Reached XP level 5. HP: 33/38 MP: 4/10
  1467 | D:2      | Found a runed translucent door.
  1468 | D:2      | Noticed Crazy Yiuf
  1476 | D:2      | Killed Crazy Yiuf
  1477 | D:2      | Reached XP level 6. HP: 33/45 MP: 11/11
  1538 | D:3      | Found a runed translucent door.
  1545 | D:3      | Noticed gengaozo's ghost (amateur TeAE)
  1817 | D:3      | Reached skill level 4 in Spellcasting
  1817 | D:3      | Reached skill level 4 in Conjurations
  1817 | D:3      | Reached skill level 5 in Air Magic
  1897 | D:3      | Learned a level 4 spell: Airstrike
  2298 | D:4      | Found a bloodstained altar of Trog.
  2465 | D:4      | Your scales start taking on a pale cyan-grey colour.
  2465 | D:4      | Reached XP level 7. HP: 43/50 MP: 10/13
  2465 | D:4      | Gained mutation: You are immune to the effects of steam.
                  | [Pale Draconian growth]
  2681 | D:4      | Found an ornate altar of the Wu Jian Council.
  2953 | D:4      | Reached skill level 6 in Air Magic
  2962 | D:4      | Found a white marble altar of Elyvilon.
  3002 | D:5      | Entered Level 5 of the Dungeon
  3213 | D:5      | Blown up by a gnoll

Illustrated notes

Levels and vault maps discovered:
D:1:      minmay_arrival_checkered_box, layout_basic, supply_closet_lemuel
D:2:      layout_basic, chequers_ecumenical_altar_twisty, st_stairs_13,
          grunt_ministairs_6, uniq_sigmund, uniq_crazy_yiuf_cottage, uniq_robin
D:3:      layout_rooms, hellmonk_ghost_happy_afterlife, minmay_hedge_maze,
          hangedman_decor_growths, kennysheep_generic_room_7
D:4:      layout_basic, lemuel_coloured_pillars_altar, trog_butcher_becter,
          nicolae_wu_jian_immortal_techniques
D:5:      layout_loops_ring, minmay_temple_entry_crystal_x, uniq_pikel

Skill      XL: |  1  2  3  4  5  6  7 |
---------------+----------------------+-----
Conjurations   | 2 3 4 |  4.9
Spellcasting   | 3 4 |  4.9
Air Magic      | 4 5 6 |  6.4
Dodging        | |  1.7
Stealth        | |  1.7

Action                     |  1- 3 |  4- 6 |  7- 9 || total
---------------------------+-------+-------+-------++-------
  Melee: Unarmed           |    36 |       |       ||    36
         Tailslap          |    11 |    10 |    13 ||    34
         Dagger            |    35 |    81 |    49 ||   165
         Punch             |       |       |     1 ||     1
   Cast: Shock             |    45 |    73 |    28 ||   146
         Static Discharge  |       |     2 |     5 ||     7
   Stab: Sleeping          |     3 |     2 |       ||     5
 Armour: Skin              |    21 |    31 |    17 ||    69
  Dodge: Dodged            |    45 |    60 |    37 ||   142

Table legend: (Time is in decaauts)
 A = Elapsed time spent in this place.
 B = Non-inter-level travel time spent in this place.
 C = Inter-level travel time spent in this place.
 D = Time resting spent in this place.
 E = Time spent auto-exploring this place.
 F = Levels seen in this place.
 G = Mean time per level.
                   A        B        C        D        E       F      G
               +--------+--------+--------+--------+--------+-----+--------+
         Total |   3216 |   3060 |    156 |    377 |   1949 |   5 |  643.2 |
       Dungeon |   3216 |   3060 |    156 |    377 |   1949 |   5 |  643.2 |
               +--------+--------+--------+--------+--------+-----+--------+

Top non-repeatable levels by time:
     D:1: 800 daAuts
     D:4: 790 daAuts
     D:2: 736 daAuts
     D:3: 726 daAuts
     D:5: 163 daAuts
